 Dungeon Sprint DCSS version 0.27-a0-797-g27d10ad80f (webtiles) character file.

Game seed: 6427253925684041909

14 mhtbhm the Chopper (level 2, 0/46 HPs)
             Began as a Troll Berserker on Mar 27, 2021.
             Was a Priest of Trog.
             Slain by a kobold brigand
             ... wielding a +0 whip
              (2 damage)
             ... in the Dungeon (Sprint VII: "The Pits").
             The game lasted 00:00:25 (278 turns).

mhtbhm the Chopper (Troll Berserker)                 Turns: 278, Time: 00:00:25

Health: 0/46       AC:  4    Str: 24    XL:     2   Next: 27%
Magic:  1/1        EV: 10    Int:  3    God:    Trog [***...]
Gold:   0          SH:  0    Dex:  9    Spells: 1/1 levels left

rFire    . . .     SeeInvis .   a - +2 hand axe
rCold    . . .     Faith    .   (no shield)
rNeg     . . .     Spirit   .   b - +0 animal skin
rPois    .         Reflect  .   (helmet restricted)
rElec    .         Harm     .   (no cloak)
rCorr    .         Rampage  .   (gloves unavailable)
Will     .....     NoTele   +   (boots unavailable)
Stlth    ..........             (no amulet)
HPRegen  1.15/turn              (no ring)
MPRegen  0.07/turn              (no ring)

@: berserking (expiring), slowed
A: large, unfitting armour, claws 3, regeneration 1, shaggy fur 1, tough skin 1
a: Renounce Religion, Berserk, Trog's Hand


You were in the Dungeon.
You worshipped Trog.
Trog was most pleased with you.
You visited 1 branch

Inventory:

Hand Weapons
 a - a +2 hand axe (weapon)
Armour
 b - a +0 animal skin (worn)
Scrolls
 h - a scroll of blinking
 j - a scroll of summoning
Potions
 c - a potion of curing
 d - a potion of heal wounds
 e - a potion of haste
 f - 4 potions of magic
 g - 3 potions of berserk rage
 i - 2 potions of invisibility


   Skills:
 + Level 3.3 Fighting
 + Level 3.3 Axes
 + Level 3.2 Dodging


You had one spell level left.
You didn't know any spells.
Your spell library was empty.

Dungeon Overview and Level Annotations

Branches:
Dungeon (1/1)

Altars:


Innate Abilities, Weirdness & Mutations

You are too large for most types of armour.
You have claws for hands.
Your natural rate of healing is unusually fast.
You are covered in fur. (AC +1)
You have tough skin. (AC +1)


Message History

No target in view!
No target in view!
You start resting.
HP restored.
There is an open door here.
You see here a hobgoblin corpse.
A kobold brigand and a zombie come into view.
The kobold brigand is wielding a +0 whip and quivering curare-tipped darts.
A red film seems to cover your vision as you go berserk!
You feel yourself moving faster!
You feel mighty!
The kobold brigand throws a curare-tipped dart.
The curare-tipped dart hits you.
You are poisoned.
You have difficulty breathing.
You feel yourself slow down.
You slash the ball python zombie!
You destroy the ball python zombie!
Trog accepts your kill.
You feel extremely sick.
The kobold brigand throws a curare-tipped dart.
The curare-tipped dart hits you.
You are more poisoned.
You have difficulty breathing.
You feel as though you will be slow longer.
You are too injured to fight recklessly!
You are too injured to fight recklessly!
You feel extremely sick.
The kobold brigand hits you but does no damage.
You closely miss the kobold brigand.
You feel sick. The kobold brigand closely misses you.
You hit the kobold brigand.
The kobold brigand is lightly wounded.
You feel sick.
The kobold brigand hits you with a +0 whip!
* * * LOW HITPOINT WARNING * * *
You hit the kobold brigand.
The kobold brigand is moderately wounded.
You feel sick.
You are no longer poisoned.
The kobold brigand hits you with a +0 whip.
You die...

##########.##..........
#...........'..........
#+#####÷#####......#..#
#..#..# #..........
#..)..# ####'#####+
#..#### #.......#
#..#..# #.......#
#..#.K# #.......#
##†#@.#+###...<...#
#........##.......#
#........##.......#
###########.......#
#########


You could see a kobold brigand.

Vanquished Creatures
  An adder zombie (D)
  An endoplasm (D)
  A goblin (D)
  A hobgoblin (D)
  2 jackals (D)
  A ball python zombie (D)
  A bat (D)
  A frilled lizard (D)
  A rat (D)
10 creatures vanquished.

Notes
Turn   | Place    | Note
-------+----------+-------------------------------------------
     0 | D        | mhtbhm the Troll Berserker began the quest for the Orb.
     0 | D        | Reached XP level 1. HP: 22/22 MP: 0/0
    55 | D        | Reached ** piety under Trog
    74 | D        | Reached *** piety under Trog
   159 | D        | Reached XP level 2. HP: 31/31 MP: 1/1
   272 | D        | Noticed a kobold brigand
   277 | D        | HP: 2/46 [kobold brigand/+0 whip (8)]
   278 | D        | Slain by a kobold brigand

Illustrated notes

Levels and vault maps discovered:
D:        pitsprint [storerooms_1, entrance_room_1, metal_vault_6, armoury_1,
          mini_pit_1, grid_room_1, main_hall_1, silver_pit, the_coven_3,
          the_vestibule_1, steel_vault_3, golden_pit, hallway_of_sentries,
          crystal_vault_4, iron_vault_4, final_vault]

Skill      XL: |  1 |
---------------+----+-----
Axes           | 3 |  3.3
Fighting       | 3 |  3.3
Dodging        | 3 |  3.2

Action                   || total
-------------------------++-------
Melee: Hand axe          ||    35
Invok: Berserk           ||     1
Armor: Animal skin       ||    12
Dodge: Dodged            ||    14

Table legend: (Time is in decaauts)
 A = Elapsed time spent in this place.
 B = Non-inter-level travel time spent in this place.
 C = Inter-level travel time spent in this place.
 D = Time resting spent in this place.
 E = Time spent auto-exploring this place.
 F = Levels seen in this place.
 G = Mean time per level.
                   A        B        C        D        E       F      G
               +--------+--------+--------+--------+--------+-----+--------+
         Total |    282 |    282 |      0 |    167 |      0 |   1 |  282.0 |
       Dungeon |    282 |    282 |      0 |    167 |      0 |   1 |  282.0 |
               +--------+--------+--------+--------+--------+-----+--------+

Top non-repeatable levels by time:
       D: 282 daAuts
